 Dungeon Crawl Stone Soup version 0.26-a0-663-g36e8fdb655 (webtiles) character file.

Game seed: 7427792452890229102

83 marklar909 the Vexing (level 4, -1/32 HPs)
             Began as a Formicid Arcane Marksman on Oct 12, 2020.
             Succumbed to an adder's poison
             ... on level 2 of the Dungeon.
             The game lasted 00:02:16 (1800 turns).

marklar909 the Vexing (Formicid Arcane Marksman)    Turns: 1800, Time: 00:02:17

Health: -1/32      AC:  4    Str: 13 (14) XL:     4   Next: 71%
Magic:  1/5        EV:  7    Int: 11 (13) God:
Gold:   82         SH: 11    Dex: 11 (12) Spells: 1/5 levels left

rFire    . . .     SeeInvis +   a - +0 hunting sling
rCold    . . .     Faith    .   c - +0 tower shield
rNeg     . . .     Spirit   +   l - +0 leather armour
rPois    .         Reflect  .   (helmet unavailable)
rElec    .         Harm     .   h - +0 cloak
rCorr    .         Rampage  .   (no gloves)
MR       .....                  (no boots)
Stlth    +.........             g - amulet of guardian spirit
HPRegen  0.10/turn              (no ring)
MPRegen  0.09/turn              (no ring)

@: brilliant, lethally poisoned (-1 -> -14)
A: permanent stasis, dig shafts and tunnels, four strong arms, antennae 3
a: Dig, Shaft Self


You were on level 2 of the Dungeon.
You visited 1 branch of the dungeon, and saw 2 of its levels.

You collected 82 gold pieces.

Inventory:

Hand Weapons
 a - a +0 hunting sling (weapon)
Missiles
 d - 13 sling bullets
 f - 37 stones (quivered)
Armour
 c - a +0 tower shield (worn)
 h - a +0 cloak (worn)
 l - a +0 leather armour (worn)
Jewellery
 g - an amulet of guardian spirit (around neck)
Scrolls
 b - a scroll of identify {unknown}
 k - 2 scrolls of amnesia {unknown}
Potions
 i - 2 potions of degeneration


   Skills:
 + Level 1.3 Fighting
 + Level 3.6 Slings
 + Level 0.5 Armour
 + Level 2.1 Dodging
 + Level 1.1 Shields
 + Level 1.2 Spellcasting
 + Level 4.4 Hexes


You had one spell level left.
You knew the following spells:

 Your Spells              Type           Power        Failure   Level
a - Corona                Hex            ###....      80%         1
b - Portal Projectile     Hex/Tloc       #.....       100%        3

Your spell library contained the following spells:

 Spells                   Type           Power        Failure   Level
 Slow                     Hex            ###.....     90%         2
 Inner Flame              Hex/Fire       #.......     100%        3
 Cause Fear               Hex            ###.......   100%        4
 Leda's Liquefaction      Hex/Erth       #.........   100%        4


Dungeon Overview and Level Annotations

Branches:
Dungeon (2/15)

Altars:


Innate Abilities, Weirdness & Mutations

You cannot be hasted, slowed, berserked, paralysed or teleported.
You can dig through walls and to a lower floor.
Your four strong arms can wield two-handed weapons with a shield.
You have a pair of large antennae on your head. (SInv)


Message History

Unknown command.
Unknown command.
Unknown command.
Firing (i - inventory. (/) - cycle)
f - 39 stones (quivered)
Press: ? - help, Shift-Dir - straight line, f/p - adder
Aim: an adder (almost dead)
You shoot a stone. The stone misses the adder.
The stone hits the adder.
The adder is almost dead.
* * * LOW HITPOINT WARNING * * *
You feel sick. You block the adder's attack. The adder bites you.
* * * LOW HITPOINT WARNING * * *
You are more poisoned.
The adder poisons you!
Firing (i - inventory. (/) - cycle)
f - 38 stones (quivered)
Press: ? - help, Shift-Dir - straight line, f/p - adder
Aim: an adder (almost dead)
You shoot a stone. The stone misses the adder.
The stone closely misses the adder.
You hear a splash.
You die...

#...... ##.....#
##..##### ##..##
#..## . #.## ...
#.# ≈≈...♣####
#.# (≈≈..SS@.###
#.#
♣≈≈..(##...####.#
≈≈≈(. ###...#..#
(≈.. ###)..## ...
##### .. .


You could see 2 adders.

Vanquished Creatures
  Jessica (D:2)
  4 dart slugs
  2 leopard geckos
  2 ball pythons (D:1)
  8 bats
  2 giant cockroaches (D:1)
  2 goblins (D:1)
  8 hobgoblins (D:1)
  4 jackals (D:2)
  3 kobolds
  A frilled lizard (D:1)
  7 rats
44 creatures vanquished.

Vanquished Creatures (others)
  A plant (D:2)
1 creature vanquished.

Grand Total: 45 creatures vanquished

Notes
Turn   | Place    | Note
-------+----------+-------------------------------------------
     0 | D:1      | marklar909 the Formicid Arcane Marksman began the quest for
                  | the Orb.
     0 | D:1      | Reached XP level 1. HP: 15/15 MP: 2/2
   143 | D:1      | Reached skill level 4 in Hexes
   143 | D:1      | Reached XP level 2. HP: 15/21 MP: 0/3
   412 | D:1      | Reached XP level 3. HP: 26/26 MP: 4/4
   625 | D:1      | Learned a level 3 spell: Portal Projectile
  1503 | D:2      | Reached XP level 4. HP: 28/32 MP: 5/5
  1673 | D:2      | Noticed Jessica
  1678 | D:2      | Killed Jessica
  1678 | D:2      | Reached skill level 1 in Shields
  1799 | D:2      | HP: 1/32 [adder (1)]
  1800 | D:2      | Succumbed to an adder's poison

Illustrated notes

Levels and vault maps discovered:
D:1:      tarquinn_simple_flora_water_a, layout_basic
D:2:      layout_basic, serial_forest, infiniplex_forest_clump_medium,
          infiniplex_forest_zigzag_1, infiniplex_forest_lined_corner,
          infiniplex_forest_clump_diagonal, infiniplex_forest_clump_tiny,
          infiniplex_forest_lined_room_, infiniplex_forest_clump_diagonal,
          eino_curves_02, elyvilon_altar_3, uniq_jessica

Skill      XL: |  1  2  3  4 |
---------------+-------------+-----
Hexes          | 4 |  4.4
Dodging        | 2 |  2.1
Slings         | 3 |  3.6
Shields        | 1 |  1.1
Fighting       | |  1.3
Armour         | |  0.5
Spellcasting   | |  1.2

Action                   |  1- 3 |  4- 6 || total
-------------------------+-------+-------++-------
 Fire: Hunting sling     |   131 |    41 ||   172
 Cast: Corona            |     3 |     1 ||     4
  Use: Potion            |       |     2 ||     2
Armor: Robe              |    18 |       ||    18
       Leather armour    |    11 |     7 ||    18
Dodge: Dodged            |    29 |    11 ||    40
Block: Tower shield      |    30 |    19 ||    49

Table legend: (Time is in decaauts)
 A = Elapsed time spent in this place.
 B = Non-inter-level travel time spent in this place.
 C = Inter-level travel time spent in this place.
 D = Time resting spent in this place.
 E = Time spent auto-exploring this place.
 F = Levels seen in this place.
 G = Mean time per level.
                   A        B        C        D        E       F      G
               +--------+--------+--------+--------+--------+-----+--------+
         Total |   1834 |   1777 |     57 |     22 |   1369 |   2 |  917.0 |
       Dungeon |   1834 |   1777 |     57 |     22 |   1369 |   2 |  917.0 |
               +--------+--------+--------+--------+--------+-----+--------+

Top non-repeatable levels by time:
     D:1: 1374 daAuts
     D:2: 460 daAuts
